 Dungeon Crawl Stone Soup version 0.23.1-37-gaa34b87 (webtiles) character file.

Game seed: 8090115384894859699

66 dengdeng the Chopper (level 3, -4/31 HPs)
             Began as a Draconian Berserker on Mar 27, 2019.
             Was a Believer of Trog.
             Killed by nerve-wracking pain
             ... invoked by an orc priest
              (10 damage)
             ... on level 3 of the Dungeon.
             The game lasted 00:05:04 (1871 turns).

dengdeng the Chopper (Draconian Berserker)          Turns: 1871, Time: 00:05:05

Health: -4/31      AC:  6    Str: 20    XL:     3   Next: 96%
Magic:  3/3        EV: 12    Int:  7    God:    Trog [**....]
Gold:   139        SH:  0    Dex: 10    Spells: 2/2 levels left

rFire    . . .     SeeInvis .   a - +0 hand axe
rCold    . . .     Gourm    .   (no shield)
rNeg     . . .     Faith    .   (armour unavailable)
rPois    .         Spirit   .   (helmet restricted)
rElec    .         Reflect  .   (no cloak)
rCorr    .         Harm     .   (no gloves)
MR       .....                  m - +0 pair of boots
Stlth    +.........             (no amulet)
HPRegen  0.10/turn              (no ring)
MPRegen  0.08/turn              (no ring)

@: no status effects
A: unfitting armour, cold-blooded, AC +5
a: Berserk, Trog's Hand, Renounce Religion


You were on level 3 of the Dungeon.
You worshipped Trog.
Trog was pleased with you.
You were not hungry.

You visited 1 branch of the dungeon, and saw 3 of its levels.

You collected 139 gold pieces.

Inventory:

Hand Weapons
 a - a +0 hand axe (weapon)
Missiles
 f - 2 tomahawks (quivered)
 i - 58 stones
Armour
 m - a +0 pair of boots (worn)
Scrolls
 c - 4 scrolls of identify {unknown}
 e - a scroll of enchant armour {unknown}
 h - a scroll of random uselessness {unknown}
 l - a scroll of teleportation {unknown}
 n - a scroll of remove curse {unknown}
Potions
 d - a potion of heal wounds {unknown}
 g - a potion of mutation {unknown}
 j - a potion of curing {unknown}
Comestibles
 b - 7 rations
 k - 2 chunks of flesh


   Skills:
 + Level 3.5 Fighting
 * Level 4.4 Axes
 + Level 0.1 Throwing
 + Level 3.0 Dodging
 + Level 0.2 Stealth


You had 2 spell levels left.
You didn't know any spells.
Your spell library was empty.

Dungeon Overview and Level Annotations

Branches:
Dungeon (3/15)

Altars:


Innate Abilities, Weirdness & Mutations

Your plain brown scales are hard. (AC +5)
You cannot fit into any form of body armour.
You are cold-blooded and may be slowed by cold attacks.


Message History

The orc closely misses you.
The orc wizard gestures at you while chanting.
The magic dart hits you.
You hit the orc priest.
The orc priest is moderately wounded.
You closely miss the orc. x2
The orc priest hits you but does no damage.
The orc hits you with a +0 club. The orc hits you but does no damage.
You hit the orc priest but do no damage.
Your tail-slap misses the orc priest.
The orc priest is moderately wounded.
You hit the orc wizard but do no damage.
You hit the orc but do no damage. You hit the orc.
You kill the orc!
Trog accepts your kill.
The orc wizard hits you with a +0 dagger of speed.
* * * LOW HITPOINT WARNING * * *
The orc priest calls down the wrath of Beogh upon you.
Pain shoots through your body!
You die...

#..#.#### ###
#.......#
..##+#.......#
#...........#
+.........<$#
#..?........#
.##....oo......
.w.....@).(....
.##....o)..(?..
########(.(..
.... ..( .. #


You could see a worm, an orc priest, an orc wizard and an orc.

Vanquished Creatures
  An adder (D:2)
  2 oozes
  2 dart slugs (D:1)
  2 leopard geckos
  2 orcs (D:3)
  A ball python (D:1)
  A giant cockroach (D:1)
  3 goblins
  2 hobgoblins (D:1)
  4 jackals (D:1)
  2 quokkas (D:2)
  5 bats
  3 frilled lizards
  5 kobolds
  5 rats
40 creatures vanquished.

Notes
Turn   | Place    | Note
-------+----------+-------------------------------------------
     0 | D:1      | dengdeng the Draconian Berserker began the quest for the
                  | Orb.
     0 | D:1      | Reached XP level 1. HP: 19/19 MP: 1/1
    96 | D:1      | Reached XP level 2. HP: 25/26 MP: 2/2
   653 | D:1      | Reached XP level 3. HP: 26/31 MP: 3/3
  1188 | D:2      | Reached ** piety under Trog
  1300 | D:2      | Reached skill level 4 in Axes
  1416 | D:2      | Found a faded altar of an unknown god.
  1871 | D:3      | Killed from afar by an orc priest

Skill      XL: |  1  2  3 |
---------------+----------+-----
Dodging        | 3 |  3.0
Axes           | 4 |  4.4
Fighting       | |  3.5
Throwing       | |  0.1
Stealth        | |  0.2

Action                   || total
-------------------------++-------
Melee: Hand axe          ||   136
       Tailslap          ||    15
Throw: Stone             ||    15
       Tomahawk          ||     5
 Stab: Sleeping          ||     1
  Eat: Chunk             ||     3
Armor: Skin              ||    55
Dodge: Dodged            ||   102
